 Dungeon Sprint DCSS version 0.18.1-1-g2f07953 (webtiles) character file.

2002 pipel the Devastator (level 10, -20/50 HPs)
             Began as a Tengu Conjurer on May 7, 2016.
             Was a High Priest of Vehumet.
             Demolished by a boulder beetle (39 damage)
             ... in the Dungeon (Sprint VI: "Thunderdome").
             The game lasted 00:31:08 (1345 turns).

pipel the Devastator (Tengu Conjurer)               Turns: 1345, Time: 00:31:09

Health: -20/50     AC:  6    Str: 16    XL:     10   Next: 58%
Magic:  2/29       EV: 15    Int: 15    God:    Vehumet [*****.]
Gold:   825        SH:  0    Dex: 21    Spells: 7 memorised, 13 levels left

rFire  + . .     SeeInvis +     s - +0 short sword
rCold  + . .     Gourm    .     w - +4 robe of the Pirate {Str+2 SInv}
rNeg   + . .     Faith    +     (no shield)
rPois  +         Spirit   .     (helmet restricted)
rElec  .         Dismiss  .     (no cloak)
rCorr  .         Reflect  .     (no gloves)
SustAt .         Harm     .     (boots unavailable)
MR     .....     NoTele   +     A - amulet of Xoadil {Faith Str+6 Slay+3}
Stlth  +++.......               x - ring of Intercession {Fragile rPois rF+ rC+ Dex+6}
                                B - ring "Tibb" {+Blink +Inv rPois rN+ Int-4} (curse)

@: very slightly contaminated, not resistant to hostile enchantments, fairly
stealthy
A: beak, talons 3, able to fly 1
a: Fly, Renounce Religion, Evoke Blink, Evoke Invisibility
}: 1/15 runes: decaying


You were in the Dungeon.
You worshipped Vehumet.
Vehumet was extremely pleased with you.
You were not hungry.

You visited 1 branch You collected 1900 gold pieces.
You spent 1075 gold pieces at shops.

Inventory:

Hand Weapons
 r - a +0 scythe
 s - a +0 short sword (weapon)
Armour
 a - a +0 robe
 t - a +0 hat
 w - the +4 robe of the Pirate (worn) {Str+2 SInv}
   (You bought it in a shop in the Dungeon)

   It affects your strength (+2).
   It lets you see invisible.
Jewellery
 c - the ring of Absolutism {rN+ Stlth+}
   (You bought it in a shop in the Dungeon)

   [ring of stealth]

   It protects you from negative energy.
   It makes you more stealthy.
 n - the amulet "Veim" {+Inv rF+ Regen+}
   (You bought it in a shop in the Dungeon)

   [amulet of regeneration]

   It protects you from fire.
   It lets you turn invisible.
   It increases your rate of regeneration.
 o - the ring "Vaqoerph" {rN+ Dex+3}
   (You bought it in a shop in the Dungeon)

   [ring of positive energy]

   It affects your dexterity (+3).
   It protects you from negative energy.
 p - the ring "Hodwiuna" {AC+2 Int+2}
   (You bought it in a shop in the Dungeon)

   [ring of protection]

   It affects your AC (+2).
   It affects your intelligence (+2).
 q - the ring "Buusux" {rPois rN+ SInv}
   (You bought it in a shop in the Dungeon)

   [ring of poison resistance]

   It protects you from poison.
   It protects you from negative energy.
   It lets you see invisible.
 u - the ring "Yczaen" {rF+ rC+ rN+ MR- Int+4}
   (You bought it in a shop in the Dungeon)

   [ring of intelligence]

   It affects your intelligence (+4).
   It protects you from fire.
   It protects you from cold.
   It protects you from negative energy.
   It affects your resistance to hostile enchantments.
 v - the ring of Wautrut {rF+ rC+ Dex+5}
   (You bought it in a shop in the Dungeon)

   [ring of protection from cold]

   It affects your dexterity (+5).
   It protects you from fire.
   It protects you from cold.
 x - the ring of Intercession (right hand) {Fragile rPois rF+ rC+ Dex+6}
   (You bought it in a shop in the Dungeon)

   [ring of protection from cold]

   It affects your dexterity (+6).
   It protects you from fire.
   It protects you from cold.
   It protects you from poison.
   It will be destroyed if unequipped.
 y - the ring "Lunud" {Ice *Corrode rPois Int+4}
   (You bought it in a shop in the Dungeon)

   [ring of ice]

   It enhances your ice magic, and weakens your fire magic.
   It affects your intelligence (+4).
   It makes you vulnerable to fire.
   It protects you from cold.
   It protects you from poison.
   It may corrode you when you take damage.
 z - the ring "Qauroaqu" {Wiz rPois rF+ rC-}
   (You bought it in a shop in the Dungeon)

   [ring of wizardry]

   It improves your spell success rate.
   It protects you from fire.
   It makes you vulnerable to cold.
   It protects you from poison.
 A - the amulet of Xoadil (around neck) {Faith Str+6 Slay+3}
   (You bought it in a shop in the Dungeon)

   [amulet of faith]

   It allows you to gain divine favour quickly.
   It affects your strength (+6).
   It affects your accuracy and damage with ranged weapons and melee attacks
   (+3).
 B - the cursed ring "Tibb" (left hand) {+Blink +Inv rPois rN+ Int-4}
   (You bought it in a shop in the Dungeon)

   [ring of intelligence]

   It affects your intelligence (-4).
   It protects you from poison.
   It protects you from negative energy.
   It lets you turn invisible.
   It lets you blink.
   It has a curse placed upon it.
Wands
 j - a wand of acid (0/15)
 k - a wand of iceblast (0/15)
Scrolls
 i - 4 scrolls of blinking
 l - 3 scrolls of fog
Potions
 d - a potion of curing
 e - 4 potions of heal wounds
 f - 4 potions of haste
 g - 5 potions of magic
 h - a potion of berserk rage
 m - a potion of resistance
Books
 b - a book of Conjurations

   Spells                             Type                      Level
   a - Magic Dart                     Conjuration                  1
   b - Searing Ray                    Conjuration                  2
   c - Dazzling Spray                 Conjuration/Hexes            3
   d - Fulminant Prism                Conjuration/Hexes            4
   e - Iskenderun's Mystic Blast      Conjuration                  4
   f - Iskenderun's Battlesphere      Conjuration/Charms           5
Comestibles
 C - 3 chunks of flesh


   Skills:
 - Level 4.3 Dodging
 - Level 3.4 Stealth
 + Level 14.5 Spellcasting
 + Level 19.1 Conjurations
 - Level 1.8 Charms
 * Level 5.1 Air Magic
 - Level 2.1 Evocations


You had 13 spell levels left.
You knew the following spells:

 Your Spells              Type           Power        Failure   Level  Hunger
a - Magic Dart            Conj           ####         0%          1    None
b - Iskenderun's Mystic   Conj           ######..     1%          4    ##.....
c - Dazzling Spray        Conj/Hex       #####...     1%          3    None
d - Iskenderun's Battles  Conj/Chrm      #####...     1%          5    ####...
e - Fulminant Prism       Conj/Hex       #####.....   1%          4    ##.....
f - Stone Arrow           Conj/Erth      #####.       1%          3    None
g - Lightning Bolt        Conj/Air       #####.....   1%          5    ####...


Dungeon Overview and Level Annotations

Branches:
Dungeon (1/1)

Altars:
Cheibriados
Dithmenos
Fedhas
Gozag
Kikubaaqudgha
Makhleb
Okawaru
Pakellas
Qazlal
Ru
Sif Muna
Trog
Vehumet
Xom
Yredelemnul
Zin
The Shining One
Jiyva
Lugonu

Shops:
D *[%??*?*:[((!!!!


Innate Abilities, Weirdness & Mutations

You have a beak for a mouth.
You have claws for feet.
You can fly.


Message History

The orb of energy explodes!
You now have 10/29 mp.
Casting: Iskenderun's Mystic Blast
Confirm with . or Enter, or press ? or * to list all spells.
Aiming: Iskenderun's Mystic Blast
Press: ? - help, Shift-Dir - straight line, f/p - boulder beetle
Aim: a boulder beetle (magical condensation, almost dead)
The orb of energy hits the boulder beetle.
The boulder beetle is almost dead.
You now have 6/29 mp.
Casting: Iskenderun's Mystic Blast
Confirm with . or Enter, or press ? or * to list all spells.
Aiming: Iskenderun's Mystic Blast
Press: ? - help, Shift-Dir - straight line, f/p - boulder beetle
Aim: a boulder beetle (magical condensation, almost dead)
The orb of energy hits the boulder beetle.
The boulder beetle is almost dead.
The orb of energy explodes!
The boulder beetle bites you!!!
Ouch! That really hurt!
You die...

##### ##⌠⌠⌠## #.....#
##.....## ##∩.....∩##
#∩...@...∩# #_...B..._#
#...).).._# #_..[...._#
###.........###
#⌠...........⌠#
######.8.........8.######
##∩___......###......___∩##
###∩........8.#
#.8....÷...∩###


You could see a boulder beetle.

Vanquished Creatures
  A wizard (D)
  A shining eye (D)
  Sigmund (D)
  2 fire elementals (D)
  2 mottled dragons (D)
  A naga (D)
  3 hell hounds (D)
  2 giant eyeballs (D)
  2 water moccasins (D)
  A phantom (D)
  6 dwarves (D)
  4 jellies (D)
  6 orc priests (D)
  An iguana (D)
  Jessica (D)
  Terence (D)
  A worker ant (D)
  2 adders (D)
  A giant gecko (D)
  2 orcs (D)
  A ball python (D)
  A jackal (D)
  A jackal skeleton (D)
44 creatures vanquished.

Notes
Turn   | Place    | Note
--------------------------------------------------------------
     0 | D        | pipel the Tengu Conjurer began the quest for the Orb.
     0 | D        | Reached XP level 1. HP: 10/10 MP: 4/4
     1 | D        | Found a glowing golden altar of the Shining One.
     2 | D        | Found an ancient bone altar of Kikubaaqudgha.
     3 | D        | Found a radiant altar of Vehumet.
     3 | D        | Found a burning altar of Makhleb.
     4 | D        | Found Kaqueghe's Identification Station.
     4 | D        | Found a sacrificial altar of Ru.
     4 | D        | Found a shimmering altar of Xom.
     4 | D        | Found Guloz's Bee Food.
     5 | D        | Found Mizuereh's Advanced Armour.
     5 | D        | Found Zeuph's Jewellery.
     5 | D        | Round 1.
     7 | D        | Found a corrupted altar of Lugonu.
     8 | D        | Noticed Sigmund
    11 | D        | Killed Sigmund
    11 | D        | Reached skill level 12 in Conjurations
    11 | D        | Reached skill level 1 in Evocations
    11 | D        | Reached XP level 2. HP: 15/15 MP: 5/7
    11 | D        | Reached XP level 3. HP: 19/19 MP: 5/8
    11 | D        | Reached XP level 4. HP: 24/24 MP: 6/10
    11 | D        | Gained mutation: You can fly. [Tengu growth]
    11 | D        | Reached XP level 5. HP: 28/28 MP: 6/11
    17 | D        | Bought a faintly glowing bone amulet for 45 gold pieces
    17 | D        | Bought a flickering steel ring for 45 gold pieces
    17 | D        | Bought a transparent lapis lazuli ring for 45 gold pieces
    17 | D        | Identified the amulet "Veim" {+Inv rF+ Regen+} (You bought it in a shop in the Dungeon)
    18 | D        | Identified the ring "Vaqoerph" {rN+ Dex+3} (You bought it in a shop in the Dungeon)
    19 | D        | Identified the ring "Hodwiuna" {AC+2 Int+2} (You bought it in a shop in the Dungeon)
    20 | D        | Bought a bound brass ring for 45 gold pieces
    21 | D        | Identified the ring "Buusux" {rPois rN+ SInv} (You bought it in a shop in the Dungeon)
    26 | D        | Noticed a phantom
    27 | D        | Learned a level 4 spell: Iskenderun's Mystic Blast
    32 | D        | Found an opulent altar of Gozag.
    34 | D        | Found Izasav's Magic Scroll Shop.
    35 | D        | Found an iron altar of Okawaru.
    35 | D        | Found a snail-covered altar of Cheibriados.
    35 | D        | Found an oddly glowing altar of Pakellas.
    35 | D        | Found Rajar's Staff Store.
    35 | D        | Found Sozoruwe's Magic Scroll Shop.
    35 | D        | Found Xutou's Must-Have Magic.
    39 | D        | Found a shadowy altar of Dithmenos.
    40 | D        | Found a basalt altar of Yredelemnul.
    41 | D        | Found a stormy altar of Qazlal.
    42 | D        | Found Kodics's Distillery.
    42 | D        | Found a glowing silver altar of Zin.
    42 | D        | Found a deep blue altar of Sif Muna.
    42 | D        | Found Pasomperph's Do-It-Yourself Clinic.
    43 | D        | Found Zunifuba's Distillery.
    43 | D        | Found Hoedaz's Bottled Wisdom.
    47 | D        | Found a blossoming altar of Fedhas.
    48 | D        | Found a viscous altar of Jiyva.
    49 | D        | Found a bloodstained altar of Trog.
    49 | D        | Found Ipnogge's Weapon Rack.
    49 | D        | Found Dom Ruerch's Premium Goods.
    50 | D        | Found Jaggulej's Basic Armour.
    50 | D        | Found Umit's Miscellaneous Merchandise.
    63 | D        | Killed a phantom
    63 | D        | Reached skill level 14 in Conjurations
    63 | D        | Reached XP level 6. HP: 32/32 MP: 3/12
    69 | D        | Became a worshipper of Vehumet
    78 | D        | Noticed Terence
    92 | D        | Killed Terence
   101 | D        | Learned a level 3 spell: Dazzling Spray
   127 | D        | Reached * piety under Vehumet
   127 | D        | Offered knowledge of Freeze by Vehumet.
   127 | D        | Reached skill level 5 in Spellcasting
   129 | D        | Arena points: 14 (+14) [x2]
   139 | D        | Learned a level 5 spell: Iskenderun's Battlesphere
   164 | D        | Learned a level 4 spell: Fulminant Prism
   186 | D        | Round 2.
   252 | D        | Reached ** piety under Vehumet
   271 | D        | Noticed Jessica
   271 | D        | Killed Jessica
   271 | D        | Reached skill level 1 in Charms
   292 | D        | Arena points: 50 (+36) [x3]
   312 | D        | Bought a warped platinum ring for 45 gold pieces
   313 | D        | Identified the ring "Yczaen" {rF+ rC+ rN+ MR- Int+4} (You bought it in a shop in the Dungeon)
   314 | D        | Bought a clouded brass ring for 45 gold pieces
   315 | D        | Identified the ring of Wautrut {rF+ rC+ Dex+5} (You bought it in a shop in the Dungeon)
   352 | D        | Round 3.
   357 | D        | Offered knowledge of Throw Flame by Vehumet.
   392 | D        | Reached *** piety under Vehumet
   418 | D        | Reached XP level 7. HP: 36/36 MP: 12/19
   441 | D        | Reached **** piety under Vehumet
   441 | D        | Arena points: 134 (+84) [x4]
   495 | D        | Round 4.
   518 | D        | Offered knowledge of Stone Arrow by Vehumet.
   545 | D        | Noticed a naga
   552 | D        | Killed a naga
   552 | D        | Reached skill level 10 in Spellcasting
   628 | D        | Reached ***** piety under Vehumet
   628 | D        | Arena points: 274 (+140) [x5]
   628 | D        | Reached XP level 8. HP: 41/41 MP: 10/23
   642 | D        | Learned a level 3 spell: Stone Arrow
   649 | D        | Bought a faintly humming robe for 199 gold pieces
   659 | D        | Identified the +4 robe of the Pirate {Str+2 SInv} (You bought it in a shop in the Dungeon)
   684 | D        | Round 5.
   685 | D        | Noticed a witch
   687 | D        | Noticed a five-headed hydra
   692 | D        | Noticed a four-headed hydra
   693 | D        | Killed a witch
   693 | D        | Offered knowledge of Static Discharge by Vehumet.
   693 | D        | Arena points: 554 (+280) [x7]
   693 | D        | Reached skill level 16 in Conjurations
   694 | D        | Got a decaying rune of Zot
   695 | D        | Reached skill level 17 in Conjurations
   695 | D        | Reached XP level 9. HP: 45/45 MP: 20/26
   709 | D        | Bought 6 potions of magic for 336 gold pieces
   904 | D        | Round 6.
   917 | D        | Offered knowledge of Lightning Bolt by Vehumet.
   924 | D        | Learned a level 5 spell: Lightning Bolt
   929 | D        | Reached XP level 10. HP: 50/50 MP: 13/28
   991 | D        | Offered knowledge of Poisonous Cloud by Vehumet.
  1008 | D        | Reached skill level 18 in Conjurations
  1027 | D        | Arena points: 938 (+384) [x8]
  1085 | D        | Round 7.
  1147 | D        | Reached skill level 1 in Air Magic
  1180 | D        | Noticed a shining eye
  1186 | D        | Killed a shining eye
  1190 | D        | Arena points: 1442 (+504) [x9]
  1202 | D        | Bought a wavering tin ring for 45 gold pieces
  1203 | D        | Identified the ring of Absolutism {rN+ Stlth+} (You bought it in a shop in the Dungeon)
  1204 | D        | Bought a crude amber ring for 45 gold pieces
  1205 | D        | Identified the ring of Intercession {Fragile rPois rF+ rC+ Dex+6} (You bought it in a shop in the Dungeon)
  1206 | D        | Bought a twitching golden ring for 45 gold pieces
  1207 | D        | Identified the ring "Lunud" {Ice *Corrode rPois Int+4} (You bought it in a shop in the Dungeon)
  1208 | D        | Bought a vibrating glass ring for 45 gold pieces
  1209 | D        | Identified the ring "Qauroaqu" {Wiz rPois rF+ rC-} (You bought it in a shop in the Dungeon)
  1210 | D        | Bought a coiled ivory amulet for 45 gold pieces
  1211 | D        | Identified the amulet of Xoadil {Faith Str+6 Slay+3} (You bought it in a shop in the Dungeon)
  1212 | D        | Bought a pitted ivory ring for 45 gold pieces
  1213 | D        | Identified the cursed ring "Tibb" {+Blink +Inv rPois rN+ Int-4} (You bought it in a shop in the Dungeon)
  1244 | D        | Round 8.
  1256 | D        | Offered knowledge of Bolt of Fire by Vehumet.
  1259 | D        | Reached skill level 19 in Conjurations
  1285 | D        | Reached skill level 5 in Air Magic
  1309 | D        | Arena points: 2002 (+560) [x10]
  1324 | D        | Round 9.
  1345 | D        | Demolished by a boulder beetle

Skill      XL: |  1  2  3  4  5  6  7  8  9 10 |
---------------+-------------------------------+-----
Dodging        | 4 |  4.3
Stealth        | 3 |  3.4
Spellcasting   | 3 7 10 12 13 14 | 14.5
Conjurations   | 12 14 17 19 | 19.1
Evocations     | 1 2 |  2.1
Charms         | 1 |  1.8
Air Magic      | 5 |  5.1

Action                   |  1- 3 |  4- 6 |  7- 9 | 10-12 || total
-------------------------+-------+-------+-------+-------++-------
Melee: Short sword       |       |    20 |    14 |     7 ||    41
       Kick              |       |     7 |     3 |     7 ||    17
       Scythe            |       |     5 |       |       ||     5
       Peck              |       |     2 |     6 |     1 ||     9
 Cast: Iskenderun's Myst |       |     1 |     8 |    24 ||    33
       Magic Dart        |       |    10 |     9 |    13 ||    32
       Dazzling Spray    |       |     4 |     7 |     3 ||    14
       Iskenderun's Batt |       |     4 |     5 |    10 ||    19
 Abil: Evoke Invisibilit |       |     1 |     1 |     1 ||     3
Evoke: Wand              |     3 |     6 |     1 |       ||    10
  Use: Potion            |       |       |     2 |     2 ||     4
 Stab: Invisible         |       |     3 |     1 |     2 ||     6
  Eat: Chunk             |       |     1 |     3 |       ||     4
       Bread ration      |       |       |       |     1 ||     1
Armor: Robe              |       |     3 |     1 |     1 ||     5
Dodge: Dodged            |       |    16 |    16 |       ||    32
